 Dungeon Crawl Stone Soup version 0.31-a0-1074-g0b22e4e0f1 (webtiles) character file.

Game seed: 3043372022329396445

6237 mandarbmax the Marksfrog (level 10, -4/69 HPs)
             Began as a Barachi Hunter on Dec 7, 2023.
             Was a Follower of Hepliaklqana.
             Slain by a sun demon (16 damage)
             ... summoned by an obsidian statue
             ... on level 9 of the Dungeon.
             The game lasted 00:18:20 (7057 turns).

mandarbmax the Marksfrog (Barachi Hunter)           Turns: 7057, Time: 00:18:22

Health: -4/69      AC: 15    Str: 13    XL:     10   Next: 93%
Magic:  10/10      EV: 15    Int:  9    God:    Hepliaklqana [*.....]
Gold:   191        SH:  0    Dex: 28    Spells: 9/9 levels left

rFire   . . .        a - +0 shortbow (elec)
rCold   . . .        (shield currently unavailable)
rNeg    . . .        E - +5 ring mail of the Rose {Rampage rPois Dex+2}
rPois   +            A - +0 helmet
rElec   .            c - +1 cloak {Stlth+}
rCorr   .            (no gloves)
SInv    .            k - +1 pair of boots
Will    +....        g - amulet of regeneration
Stlth   +++          C - +6 ring of dexterity
HPRegen 1.11/turn    u - ring of willpower
MPRegen 0.12/turn

%: rampage
@: about to teleport, slow
A: reduced essence, amphibious, slowness 1, strong legs 1, +LOS
a: Hop, Renounce Religion, Recall Ancestor, Ancestor Identity


You were on level 9 of the Dungeon.
You worshipped Hepliaklqana.
Hepliaklqana was aware of your devotion.
You visited 2 branches of the dungeon, and saw 10 of its levels.

You collected 447 gold pieces.
You spent 256 gold pieces at shops.

Inventory:

Hand Weapons
 a - a +0 shortbow of electrocution (weapon)
 d - a +0 arbalest
Armour
 c - a +1 cloak of stealth (worn)
 k - a +1 pair of boots (worn)
 A - a +0 helmet (worn)
 E - the +5 ring mail of the Rose (worn) {Rampage rPois Dex+2}
   (You found it on level 6 of the Dungeon)

   Dex+2:     It affects your dexterity (+2).
   rPois:     It protects you from poison Rampage: It bestows one free step when
   moving towards enemies.
Jewellery
 g - an amulet of regeneration (around neck)
 n - a ring of resist corrosion
 u - a ring of willpower (right hand)
 C - a +6 ring of dexterity (left hand)
 D - a ring of flight
Wands
 w - a wand of flame (47)
 y - a wand of iceblast (14)
 F - a wand of quicksilver (21)
Scrolls
 b - a scroll of butterflies
 i - 2 scrolls of fog
 m - a scroll of teleportation
 p - 2 scrolls of blinking
 r - 2 scrolls of immolation
 t - a scroll of fear
 B - 3 scrolls of vulnerability
Potions
 e - a potion of lignification
 f - 2 potions of haste
 h - a potion of resistance
 j - 5 potions of heal wounds
 l - 4 potions of curing
 o - 2 potions of invisibility
 s - a potion of berserk rage {unknown}
 v - a potion of might {unknown}
 x - a potion of brilliance
 z - a potion of mutation
 G - a potion of enlightenment {unknown}


   Skills:
 + Level 6.3 Fighting
 - Level 15.0 Ranged Weapons
 + Level 5.5 Dodging
 - Level 0.8 Stealth


You had 9 spell levels left.
You didn't know any spells.
Your spell library contained the following spells:

 Spells                   Type           Power      Damage    Failure   Level
 Kiss of Death            Conj/Necr      0%         2d5       65%         1
 Shock                    Conj/Air       0%         1d3       65%         1
 Blink                    Tloc           0%         N/A       80%         2
 Confusing Touch          Hex            0%         N/A       95%         3
 Inner Flame              Hex/Fire       0%         N/A       95%         3
 Swiftness                Air            0%         N/A       95%         3
 Airstrike                Air            0%         2d(0-16)  100%        4
 Dispel Undead            Necr           0%         3d6       100%        4
 Flame Wave               Conj/Fire      0%         2d4       100%        4
 Manifold Assault         Tloc           0%         N/A       100%        4
 Sticky Flame             Conj/Fire      0%         2d3       100%        4


Dungeon Overview and Level Annotations

Branches:
Dungeon (9/15)             Temple (1/1) D:6
   Lair: D:8-11         Orc: D:9-12

Altars:
Ashenzari
Cheibriados
Dithmenos
Elyvilon
Fedhas
Gozag
Hepliaklqana
Kikubaaqudgha
Makhleb
Nemelex Xobeh
Okawaru
Qazlal
Ru
Sif Muna
Trog
Uskayaw
Vehumet
Wu Jian
Xom
Yredelemnul
Zin
The Shining One

Shops:
D:8 !

Annotations:
D:7 1 runed translucent door, Crazy Yiuf
D:9 exclusion: obsidian statue


Innate Abilities, Weirdness & Mutations

Your life essence is reduced to manifest your ancestor. (-10% HP)
You are amphibious.
You cover ground slowly.
You can hop short distances.
You have an extended range of vision and can be seen from far away.


Message History

You kill the white imp!
The white imp disappears in a puff of smoke!
The orange demon barely misses you.
Unknown command.
Fire: a) +0 shortbow (elec)
Press: ? - help, Q - select action, (/) - cycle Shift-Dir - straight line, f/p - obsidian statue
Aim: an obsidian statue (moderately damaged, mesmerising, 95% to hit)
You shoot an arrow. The arrow hits the sun demon.
The sun demon is lightly wounded.
The obsidian statue's eyes glow briefly.
The orange demon misses you.
Unknown command.
Fire: a) +0 shortbow (elec)
Press: ? - help, Q - select action, (/) - cycle Shift-Dir - straight line, f/p - obsidian statue
Aim: an obsidian statue (moderately damaged, mesmerising, 95% to hit)
You shoot an arrow.
The arrow hits the obsidian statue but does no damage.
The obsidian statue is moderately damaged.
The sun demon closely misses you.
Unknown command.
Okay, then.
As you read the scroll of teleportation, it crumbles to dust.
You feel strangely unstable. The orange demon stings you from afar!
The sun demon hits you!
You are engulfed in flames!
Fire: a) +0 shortbow (elec)
Press: ? - help, Q - select action, (/) - cycle Shift-Dir - straight line, f/p - obsidian statue
Aim: an obsidian statue (moderately damaged, mesmerising, fire blocked by a granite statue, 95% to hit)
Okay, then.
Fire: a) +0 shortbow (elec)
Press: ? - help, Q - select action, (/) - cycle Shift-Dir - straight line, f/p - obsidian statue
Aim: an obsidian statue (moderately damaged, mesmerising, fire blocked by a granite statue, 95% to hit)
You shoot an arrow. The arrow hits the sun demon!
The sun demon is moderately wounded.
You break out of your daze!
The orange demon stings you from afar!
The obsidian statue's eyes glow briefly.
The sun demon hits you!
* * * LOW HITPOINT WARNING * * *
You are engulfed in flames!
You die...

####+#### #.#.$85...#
#....# #.8../..8.#
##'##### #.#8...8#.#
#......# #..#8.8#..#
###......#
#...3....##. +......
.##......# #...§...[..
#...... ..#......#
#...§4..+ #......
#.#......### #†.3....#
#..Y...
#.'......'.###..@....#
#..Y...
###......#...'....!..#
#...Y..
#......#####.......#
#.....> #.(....#
#.......# #....Y.
#......# ###+#####
#...<.. #......#
#...... ##'#####
#####+# #....# ####.#


You could see an obsidian statue, a sun demon (summoned), an orange demon
(summoned), a sixfirhy (summoned) and a white imp (summoned).

Vanquished Creatures
  Pikel (D:4)
  Maurice (D:7)
  Joseph (D:7)
  Psyche (D:8)
  2 hornets (D:7)
  A yak (D:8)
  Menkaure (D:6)
  4 water moccasins
  2 black bears
  An ice beast (D:7)
  4 orc warriors
  2 sky beasts
  4 centaurs
  2 ogres
  3 phantoms
  A kobold brigand (D:7)
  7 bullfrogs
  3 scorpions
  7 wights
  A howler monkey (D:7)
  6 hounds
  3 jellies
  2 gnoll boudas
  3 orc priests
  4 iguanas
  11 orc wizards
  3 sleepcaps
  8 gnolls
  5 adders
  3 shadow imps
  3 white imps
  4 ufetubi
  A worm (D:3)
  A dart slug (D:3)
  35 orcs
  6 ball pythons
  6 bats
  5 endoplasms
  8 giant cockroaches
  7 hobgoblins
  3 jackals (D:3)
  4 quokkas
  6 frilled lizards
  7 goblins
  8 kobolds
  5 rats
206 creatures vanquished.

Vanquished Creatures (collateral kills)
  An orc (D:8)
1 creature vanquished.

Vanquished Creatures (others)
  An ancestor (D:9)
1 creature vanquished.

Grand Total: 208 creatures vanquished

Notes
Turn   | Place    | Note
-------+----------+-------------------------------------------
     0 | D:1      | mandarbmax the Barachi Hunter began the quest for the Orb.
     0 | D:1      | Reached XP level 1. HP: 17/17 MP: 1/1
   186 | D:1      | Reached XP level 2. HP: 21/23 MP: 2/2
   316 | D:1      | Reached XP level 3. HP: 28/28 MP: 3/3
   378 | D:1      | Reached skill level 5 in Ranged Weapons
   979 | D:2      | Reached XP level 4. HP: 34/34 MP: 4/4
  1830 | D:3      | Noticed a phantom
  1835 | D:3      | Killed a phantom
  1836 | D:3      | Reached skill level 6 in Ranged Weapons
  1836 | D:3      | Reached XP level 5. HP: 41/41 MP: 5/5
  2054 | D:3      | Reached XP level 6. HP: 47/47 MP: 6/6
  2286 | D:4      | Reached skill level 7 in Ranged Weapons
  2422 | D:4      | Noticed a black bear
  2426 | D:4      | Killed a black bear
  2443 | D:4      | Reached skill level 8 in Ranged Weapons
  2443 | D:4      | Reached XP level 7. HP: 52/52 MP: 7/7
  3074 | D:4      | Noticed Pikel
  3087 | D:4      | Killed Pikel
  3088 | D:4      | Reached skill level 10 in Ranged Weapons
  3088 | D:4      | Reached XP level 8. HP: 14/58 MP: 8/8
  3442 | D:5      | Entered Level 5 of the Dungeon
  3666 | D:5      | Reached skill level 11 in Ranged Weapons
  4242 | D:6      | Reached XP level 9. HP: 52/63 MP: 9/9
  4326 | D:6      | Reached skill level 12 in Ranged Weapons
  4450 | D:6      | Identified the +5 ring mail of the Rose {Rampage rPois
                  | Dex+2}
  4512 | D:6      | Found a staircase to the Ecumenical Temple.
  4536 | Temple   | Entered the Ecumenical Temple
  4586 | D:6      | Noticed Menkaure
  4593 | D:6      | Killed Menkaure
  4952 | D:7      | Noticed a hornet
  4955 | D:7      | Killed a hornet
  4956 | D:7      | Reached skill level 13 in Ranged Weapons
  5046 | D:7      | Noticed Maurice
  5056 | D:7      | Something stole an amulet of regeneration
  5059 | D:7      | Something stole 239 gold
  5061 | D:7      | Something stole 49 gold
  5073 | D:7      | Killed Maurice
  5227 | D:7      | Found a burning altar of Makhleb.
  5238 | D:7      | Found a snail-covered altar of Cheibriados.
  5238 | D:7      | Found a shimmering blue altar of Sif Muna.
  5238 | D:7      | Found a sacrificial altar of Ru.
  5239 | D:7      | Found a hazy altar of Hepliaklqana.
  5241 | D:7      | Found an opulent altar of Gozag.
  5250 | D:7      | Became a worshipper of Hepliaklqana the Forgotten
  5311 | D:7      | Reached skill level 14 in Ranged Weapons
  5449 | D:7      | Noticed a hornet
  5451 | D:7      | Killed a hornet
  5452 | D:7      | Reached XP level 10. HP: 70/70 MP: 10/10
  6086 | D:7      | Noticed Joseph
  6099 | D:7      | Killed Joseph
  6136 | D:7      | Found a runed translucent door.
  6137 | D:7      | Noticed Crazy Yiuf
  6379 | D:8      | Reached skill level 15 in Ranged Weapons
  6465 | D:8      | Noticed Psyche
  6476 | D:8      | Killed Psyche
  6477 | D:8      | Reached skill level 5 in Fighting
  6526 | D:8      | Reached * piety under Hepliaklqana
  6589 | D:8      | Found Qausem Sewu's Distillery.
  6619 | D:8      | Bought a potion of heal wounds for 80 gold pieces
  6619 | D:8      | Bought a potion of heal wounds for 80 gold pieces
  6619 | D:8      | Bought a potion of curing for 48 gold pieces
  6619 | D:8      | Bought a potion of curing for 48 gold pieces
  6748 | D:8      | Reached skill level 5 in Dodging
  7022 | D:9      | Noticed an obsidian statue
  7045 | D:9      | Noticed an orange demon
  7045 | D:9      | Noticed a sun demon
  7055 | D:9      | Noticed a sixfirhy
  7057 | D:9      | Slain by a sun demon

Illustrated notes

Levels and vault maps discovered:
D:1:      minmay_arrival_nine_rooms, layout_loops_ring
D:2:      layout_basic, minmay_lizard_pond
D:3:      layout_loops_ring
D:4:      layout_loops_corners, nicolae_concentric_dashed_squares_mild,
          uniq_pikel
D:5:      layout_gridville
D:6:      layout_basic, minmay_temple_entry_stoned_glass, uniq_menkaure
D:7:      minmay_razor_zed, layout_basic, grunt_temple_overflow_open,
          uniq_joseph, uniq_crazy_yiuf_cottage, uniq_maurice
D:8:      layout_basic, serial_shops, nicolae_shop_waterfront, uniq_psyche
D:9:      layout_roguey, columned_hall_lemuel, minmay_statue_bubble
Temple:   eino_temple_scatter_basement

Skill      XL: |  1  2  3  4  5  6  7  8  9 10 |
---------------+-------------------------------+-----
Ranged Weapons | 5 6 8 10 11 14 15 | 15.0
Fighting       | 3 6 |  6.3
Dodging        | 5 |  5.5
Stealth        | |  0.8

Action                     |  1- 3 |  4- 6 |  7- 9 | 10-12 || total
---------------------------+-------+-------+-------+-------++-------
   Fire: Shortbow          |    27 |       |       |   170 ||   197
         Arbalest          |    64 |   105 |   232 |    77 ||   478
    Use: Potion            |     2 |       |     3 |       ||     5
         Scroll            |       |       |    10 |     3 ||    13
 Armour: Leather armour    |    33 |    16 |    60 |       ||   109
         Skin              |       |       |    28 |       ||    28
         Ring mail         |       |       |    23 |    98 ||   121
  Dodge: Dodged            |    57 |    26 |    66 |    59 ||   208

Table legend: (Time is in decaauts)
 A = Elapsed time spent in this place.
 B = Non-inter-level travel time spent in this place.
 C = Inter-level travel time spent in this place.
 D = Time resting spent in this place.
 E = Time spent auto-exploring this place.
 F = Levels seen in this place.
 G = Mean time per level.
                   A        B        C        D        E       F      G
               +--------+--------+--------+--------+--------+-----+--------+
         Total |   8225 |   7863 |    362 |    190 |   6225 |  10 |  822.5 |
       Dungeon |   8223 |   7861 |    362 |    190 |   6225 |   9 |  913.7 |
        Temple |      1 |      1 |      0 |      0 |      0 |   1 |    1.0 |
               +--------+--------+--------+--------+--------+-----+--------+

Top non-repeatable levels by time:
     D:7: 1498 daAuts
     D:4: 1410 daAuts
     D:2: 996 daAuts
     D:1: 920 daAuts
     D:5: 875 daAuts
     D:6: 800 daAuts
     D:3: 768 daAuts
     D:8: 729 daAuts
     D:9: 224 daAuts
  Temple: 1 daAuts
